 Dungeon Crawl Stone Soup version 0.28.0-43-g3370ac3207 (webtiles) character file.

Game seed: 4865177739921614586

112 vvl the Stinger (level 4, 0/32 HPs)
             Began as a Demonspawn Venom Mage on Mar 17, 2022.
             Slain by a gnoll
             ... wielding a +0 flail
              (7 damage)
             ... on level 3 of the Dungeon.
             The game lasted 00:05:28 (3649 turns).

vvl the Stinger (Demonspawn Venom Mage)             Turns: 3649, Time: 00:05:29

Health: 0/32       AC:  3    Str:  8    XL:     4   Next: 64%
Magic:  5/7        EV: 11    Int: 19    God:
Gold:   31         SH:  0    Dex: 13    Spells: 6/7 levels left

rFire   . . .      SeeInvis .   k - +0 rapier
rCold   . . .      Faith    .   (no shield)
rNeg    . . .      Spirit   .   h - +0 leather armour
rPois   .          Reflect  .   (helmet restricted)
rElec   .          Harm     .   (no cloak)
rCorr   .          Rampage  .   (no gloves)
Will    .....                   (no boots)
Stlth   ++........              (no amulet)
HPRegen 0.10/turn               (no ring)
MPRegen 0.10/turn               (no ring)

@: very slightly contaminated
A: antennae 1, powered by pain 1
a: no special abilities


You were on level 3 of the Dungeon.
You visited 1 branch of the dungeon, and saw 3 of its levels.

You collected 31 gold pieces.

Inventory:

Hand Weapons
 k - a +0 rapier (weapon)
Armour
 h - a +0 leather armour (worn)
Magical Staves
 d - a staff of cold
Scrolls
 a - a scroll of fog {unknown}
 c - a scroll of magic mapping {unknown}
 e - a scroll of teleportation {unknown}
 f - 2 scrolls of immolation {unknown}
 g - a scroll of summoning {unknown}
 j - 3 scrolls of identify {unknown}
 l - a scroll of enchant armour {unknown}
Potions
 b - a potion of heal wounds {unknown}
 i - a potion of lignification {unknown}
 m - a potion of magic {unknown}


   Skills:
 + Level 1.3 Fighting
 + Level 0.6 Armour
 + Level 2.3 Dodging
 - Level 2.0 Stealth
 + Level 2.4 Spellcasting
 + Level 1.1 Necromancy
 + Level 1.6 Transmutations
 * Level 3.7 Poison Magic


You had 6 spell levels left.
You knew the following spells:

 Your Spells              Type           Power      Damage    Failure   Level
a - Sting                 Tmut/Pois      48%        1d5       8%          1

Your spell library contained the following spells:

 Spells                   Type           Power      Damage    Failure   Level
 Poisonous Vapours        Pois/Air       18%        N/A       16%         2
 Slow                     Hex            8%         N/A       22%         1
 Mephitic Cloud           Conj/Pois/Air  7%         N/A       38%         3
 Vampiric Draining        Necr           6%         2d6       38%         3
 Olgreb's Toxic Radiance  Pois           16%        N/A       43%         4
 Confusing Touch          Hex            2%         N/A       56%         3


Dungeon Overview and Level Annotations

Branches:
Dungeon (3/15)

Altars:
Dithmenos
Fedhas
Vehumet


Innate Abilities, Weirdness & Mutations

You have a pair of small antennae on your head.
You sometimes gain a little power by taking damage.


Message History

A gnoll is nearby!
A gnoll comes into view. It is wielding a +0 club.
The gnoll shouts!
You hear a shout!
A gnoll comes into view. It is wielding a +0 flail.
You hear a shout!
The sting hits the gnoll but does no damage.
The gnoll is poisoned.
The gnoll closely misses you.
You barely miss the gnoll. The gnoll barely misses you.
You completely miss the gnoll.
The gnoll is lightly wounded.
The gnoll hits you with a +0 club.
The sting hits the gnoll.
The gnoll looks even sicker.
The gnoll is heavily wounded.
The gnoll barely misses you. The gnoll hits you with a +0 flail!
You focus on the pain.
You feel your power returning.
You are too injured to fight recklessly!
You are too injured to fight recklessly!
Casting: Sting (safe; 8% risk of failure)
Confirm with . or Enter, or press ? or * to list all spells.
Aiming: Sting (safe; 8% risk of failure)
Press: ? - help, Shift-Dir - straight line, f/p - gnoll
Aim: a gnoll, wielding a +0 club (severely wounded, very poisoned, 75% to hit)
The sting hits the gnoll but does no damage.
The gnoll is poisoned.
Unknown command.
You barely miss the gnoll.
The gnoll is lightly wounded.
The gnoll hits you with a +0 flail!
* * * LOW HITPOINT WARNING * * *
Casting: Sting (safe; 8% risk of failure)
Confirm with . or Enter, or press ? or * to list all spells.
Aiming: Sting (safe; 8% risk of failure)
Press: ? - help, Shift-Dir - straight line, f/p - gnoll
Aim: a gnoll, wielding a +0 club (almost dead, very poisoned, 75% to hit)
You miscast Sting.
You are very lightly contaminated with residual magic.
Nothing appears to happen.
You kill the gnoll!
The gnoll hits you with a +0 flail!
You die...

##.#...# #...)8# ##
########.######.#.##
#. ............#
##### ..
###........# .##
#...>....# g.
#........# #.
#........#
#.##g##........#
#...)g@........#
####.########### #.
#. ##


You could see 2 gnolls.

Vanquished Creatures
  A hound (D:3)
  A gnoll (D:3)
  3 adders (D:2)
  A worm (D:2)
  2 dart slugs (D:1)
  4 bats
  3 endoplasms
  4 giant cockroaches
  6 goblins
  A jackal (D:1)
  2 quokkas
  7 ball pythons
  6 frilled lizards
  6 kobolds
  A rat (D:2)
48 creatures vanquished.

Notes
Turn   | Place    | Note
-------+----------+-------------------------------------------
     0 | D:1      | vvl the Demonspawn Venom Mage began the quest for the Orb.
     0 | D:1      | Reached XP level 1. HP: 13/13 MP: 3/3
   180 | D:1      | Found a faded altar of an unknown god.
   285 | D:1      | Reached skill level 1 in Transmutations
   654 | D:1      | Gained mutation: You sometimes gain a little power by
                  | taking damage. [demonic ancestry]
   654 | D:1      | Reached XP level 2. HP: 20/20 MP: 1/5
  1470 | D:1      | Discovered your monstrous ancestry.
  1470 | D:1      | Gained mutation: You have a pair of small antennae on your
                  | head. [demonic ancestry]
  1470 | D:1      | Reached XP level 3. HP: 15/25 MP: 0/6
  2136 | D:2      | Reached skill level 1 in Fighting
  2549 | D:2      | Found a blossoming altar of Fedhas.
  2772 | D:2      | Reached skill level 1 in Necromancy
  2772 | D:2      | Reached XP level 4. HP: 21/32 MP: 4/7
  3397 | D:3      | Found a shadowy altar of Dithmenos.
  3398 | D:3      | Found a radiant altar of Vehumet.
  3649 | D:3      | Slain by a gnoll

Illustrated notes

Levels and vault maps discovered:
D:1:      lightli_arrival_farm, layout_basic,
          dreamdust_ecumenical_altar_statues, minmay_heptomino_w4
D:2:      layout_loops_cross, basic_altar
D:3:      layout_loops_cross, minitemple

Skill      XL: |  1  2  3 |
---------------+----------+-----
Transmutations | 1 |  1.6
Dodging        | 2 |  2.3
Stealth        | 2 |  2.0
Fighting       | 1 |  1.3
Necromancy     | 1 |  1.1
Armour         | |  0.6
Spellcasting   | |  2.4
Poison Magic   | |  3.7

Action                   |  1- 3 |  4- 6 || total
-------------------------+-------+-------++-------
Melee: Unarmed           |    44 |       ||    44
       Rapier            |    14 |    21 ||    35
       Punch             |     1 |       ||     1
 Cast: Sting             |    58 |    14 ||    72
 Stab: Sleeping          |     1 |       ||     1
Armor: Robe              |    13 |       ||    13
       Leather armour    |     8 |     4 ||    12
Dodge: Dodged            |    73 |    16 ||    89
